 Dungeon Crawl Stone Soup version 0.30-a0-718-geaa24f58ff (webtiles) character file.

Game seed: 7010560592472975163

58 avis the Shooter (level 3, 0/30 HPs)
             Began as a Demigod Hunter on Jan 26, 2023.
             Slain by a quokka (1 damage)
             ... on level 2 of the Dungeon.
             The game lasted 00:06:14 (1161 turns).

avis the Shooter (Demigod Hunter)                   Turns: 1161, Time: 00:06:15

Health: 0/30       AC:  3    Str: 12    XL:     3   Next: 51%
Magic:  5/5        EV: 12    Int: 11    God:
Gold:   106        SH:  0    Dex: 21    Spells: 2/2 levels left

rFire   . . .      SeeInvis .    a - +0 shortbow
rCold   . . .      Faith    .    (shield currently unavailable)
rNeg    . . .      Spirit   .    c - +0 leather armour
rPois   .          Reflect  .    (no helmet)
rElec   .          Harm     .    (no cloak)
rCorr   .          Rampage  .    (no gloves)
Will    .....                    (no boots)
Stlth   ++                       p - amulet of the acrobat
HPRegen 0.25/turn                (no ring)
MPRegen 0.09/turn                (no ring)

@: no status effects
A: high MP 1, forlorn, divine attributes
a: no special abilities


You were on level 2 of the Dungeon.
You visited 1 branch of the dungeon, and saw 2 of its levels.

You collected 106 gold pieces.

Inventory:

Hand Weapons
 a - a +0 shortbow (weapon)
 b - a +0 short sword
Missiles
 d - 3 boomerangs
Armour
 c - a +0 leather armour (worn)
Jewellery
 p - an amulet of the acrobat (around neck)
Scrolls
 g - a scroll of blinking {unknown}
 i - 2 scrolls of identify {unknown}
 j - 2 scrolls of vulnerability {unknown}
 l - 2 scrolls of enchant armour {unknown}
 m - a scroll of silence {unknown}
 o - a scroll of immolation
 s - a scroll of teleportation {unknown}
Potions
 e - a potion of might {unknown}
 f - 2 potions of curing {unknown}
 h - a potion of berserk rage {unknown}
 k - a potion of magic {unknown}
 n - a potion of flight {unknown}
 q - a potion of heal wounds {unknown}
 r - a potion of mutation {unknown}


   Skills:
 * Level 2.8 Fighting
 - Level 4.0 Ranged Weapons
 - Level 2.0 Dodging
 - Level 2.0 Stealth


You had 2 spell levels left.
You didn't know any spells.
Your spell library contained the following spells:

 Spells                   Type           Power      Damage    Failure   Level
 Shock                    Conj/Air       0%         1d3       41%         1
 Summon Small Mammal      Summ           0%         N/A       41%         1
 Call Canine Familiar     Summ           0%         N/A       80%         3
 Summon Guardian Golem    Hex/Summ       0%         N/A       80%         3
 Swiftness                Air            0%         N/A       80%         3
 Airstrike                Air            0%         2d(0-16)  99%         4


Dungeon Overview and Level Annotations

Branches:
Dungeon (2/15)

Shops:
D:2 *


Innate Abilities, Weirdness & Mutations

You have an increased reservoir of magic. (+10% MP)
You shall have no god before yourself.
Your divine heritage dramatically boosts your attributes as you level up.


Message History

The quokka closely misses you.
Fire: a) +0 shortbow
Press: ? - help, Q - select action, (/) - cycle Shift-Dir - straight line, f - quokka
Aim: a quokka (56% to hit)
You shoot an arrow. The arrow barely misses the quokka.
The arrow hits the endoplasm.
The endoplasm is moderately wounded.
The quokka closely misses you. x2
Fire: a) +0 shortbow
Press: ? - help, Q - select action, (/) - cycle Shift-Dir - straight line, f/p - quokka
Aim: a quokka (56% to hit)
You shoot an arrow. The arrow hits the quokka.
The quokka is lightly wounded.
The quokka bites you.
* * * LOW HITPOINT WARNING * * *
Fire: a) +0 shortbow
Press: ? - help, Q - select action, (/) - cycle Shift-Dir - straight line, f/p - quokka
Aim: a quokka (lightly wounded, 56% to hit)
You shoot an arrow. The arrow hits the quokka.
The quokka is almost dead.
The quokka closely misses you. The quokka bites you.
* * * LOW HITPOINT WARNING * * *
Fire: a) +0 shortbow
Press: ? - help, Q - select action, (/) - cycle Shift-Dir - straight line, f/p - quokka
Aim: a quokka (almost dead, 56% to hit)
You shoot an arrow.
The arrow hits the quokka but does no damage.
The quokka is almost dead.
The quokka barely misses you.
Okay, then.
Fire: a) +0 shortbow
Press: ? - help, Q - select action, (/) - cycle Shift-Dir - straight line, f/p - quokka
Aim: a quokka (almost dead, 56% to hit)
You shoot an arrow. The arrow closely misses the quokka.
The arrow hits the endoplasm!
You kill the endoplasm!
The quokka bites you.
* * * LOW HITPOINT WARNING * * *
The quokka bites you.
You die...

#.. ###>. ..#.#
...### .
##.)..##### ##
#.
#......)..###...
#.#<...# .....
#..†[..####..#
##.....#.r@.#
#........##.#
#...#....### .#
...###...># $.
..# #....# ..#
.. #....# #.# ##
#..... .. ..
#).... .. [.
#..##.


You could see a quokka.

Vanquished Creatures
  An adder (D:2)
  2 worms (D:2)
  A dart slug (D:2)
  4 endoplasms
  3 giant cockroaches (D:1)
  4 goblins
  4 hobgoblins (D:1)
  2 jackals (D:1)
  4 kobolds (D:1)
  A quokka (D:1)
  4 ball pythons
  2 bats (D:1)
  A frilled lizard (D:1)
  3 rats (D:1)
36 creatures vanquished.

Notes
Turn   | Place    | Note
-------+----------+-------------------------------------------
     0 | D:1      | avis the Demigod Hunter began the quest for the Orb.
     0 | D:1      | Reached XP level 1. HP: 17/17 MP: 3/3
    84 | D:1      | Reached skill level 4 in Ranged Weapons
   209 | D:1      | Reached XP level 2. HP: 24/24 MP: 4/4
   370 | D:1      | Reached skill level 1 in Stealth
   986 | D:2      | Found Uneihali's General Store.
  1007 | D:2      | Reached XP level 3. HP: 29/29 MP: 5/5
  1161 | D:2      | HP: 1/30 [quokka (4)]
  1161 | D:2      | Slain by a quokka

Illustrated notes

Levels and vault maps discovered:
D:1:      amcnicky_arrival_wind_blow, layout_basic
D:2:      layout_rooms, ebering_ecumenical_altar_sacrificial, serial_shops,
          nicolae_shop_trees

Skill      XL: |  1  2 |
---------------+-------+-----
Ranged Weapons | 4 |  4.0
Fighting       | 2 |  2.8
Dodging        | 2 |  2.0
Stealth        | 2 |  2.0

Action                     || total
---------------------------++-------
   Fire: Shortbow          ||   101
 Armour: Leather armour    ||    10
  Dodge: Dodged            ||    47

Table legend: (Time is in decaauts)
 A = Elapsed time spent in this place.
 B = Non-inter-level travel time spent in this place.
 C = Inter-level travel time spent in this place.
 D = Time resting spent in this place.
 E = Time spent auto-exploring this place.
 F = Levels seen in this place.
 G = Mean time per level.
                   A        B        C        D        E       F      G
               +--------+--------+--------+--------+--------+-----+--------+
         Total |   1196 |   1056 |    140 |    227 |    551 |   2 |  598.0 |
       Dungeon |   1196 |   1056 |    140 |    227 |    551 |   2 |  598.0 |
               +--------+--------+--------+--------+--------+-----+--------+

Top non-repeatable levels by time:
     D:1: 1034 daAuts
     D:2: 161 daAuts
